 Dungeon Crawl Stone Soup version 0.27-a0-732-ga892ba84f6 (webtiles) character file.

Game seed: 12285226155326542089

78 robertstho the Skirmisher (level 4, -1/49 HPs)
             Began as an Octopode Berserker on Mar 23, 2021.
             Was a Believer of Trog.
             Slain by Terence
             ... wielding a +0 flail
              (11 damage)
             ... on level 2 of the Dungeon.
             The game lasted 00:01:54 (1820 turns).

robertstho the Skirmisher (Octopode Berserker)      Turns: 1820, Time: 00:01:54

Health: -1/49      AC:  1    Str: 17    XL:     4   Next: 36%
Magic:  4/4        EV: 14    Int:  9    God:    Trog [**....]
Gold:   15         SH:  0    Dex: 11    Spells: 3/3 levels left

rFire    . . .     SeeInvis .   f - +0 short sword (venom)
rCold    . . .     Faith    .   (no shield)
rNeg     . . .     Spirit   .   (helmet restricted)
rPois    .         Reflect  .   (no amulet)
rElec    .         Harm     .   (no ring)
rCorr    .         Rampage  .   (no ring)
Will     .....                  (no ring)
Stlth    ..........             (no ring)
HPRegen  0.16/turn              (no ring)
MPRegen  0.09/turn              (no ring)
                                (no ring)
                                (no ring)

@: berserking, very quick
A: almost no armour, amphibious, 8 rings, camouflage 1, gelatinous body 1,
nimble swimmer 1, tentacles
a: Renounce Religion, Berserk, Trog's Hand


You were on level 2 of the Dungeon.
You worshipped Trog.
Trog was pleased with you.
You visited 1 branch of the dungeon, and saw 2 of its levels.

You collected 15 gold pieces.

Inventory:

Hand Weapons
 f - a +0 short sword of venom (weapon)
Jewellery
 a - a ring of flight
Scrolls
 c - a scroll of identify {unknown}
 d - a scroll of magic mapping {unknown}
 h - a scroll of immolation {unknown}
Potions
 b - a potion of lignification {unknown}
 e - a potion of curing {unknown}
 g - a potion of brilliance {unknown}


   Skills:
 * Level 3.8 Fighting
 + Level 3.5 Short Blades
 * Level 3.7 Dodging
 + Level 1.5 Stealth


You had 3 spell levels left.
You didn't know any spells.
Your spell library was empty.

Dungeon Overview and Level Annotations

Branches:
Dungeon (2/15)

Altars:
Dithmenos
Nemelex Xobeh
Ru

Annotations:
D:2 Terence


Innate Abilities, Weirdness & Mutations

You cannot wear most types of armour.
You are amphibious.
You can wear up to eight rings at the same time.
Your skin changes colour to match your surroundings (Stealth+).
Your rubbery body absorbs attacks. (AC +1, EV +1)
You are stealthy while swimming. (Stealth+)
You have tentacles for arms and can constrict up to eight enemies at once.


Message History

The ooze quivers.
Your grab misses Terence. You squeeze Terence.
Terence is lightly wounded.
Terence hits you with a +0 flail.
You closely miss Terence. You grab Terence.
Terence is lightly wounded.
You constrict Terence, but do no damage.
Terence misses you.
You hit Terence but do no damage.
Terence is lightly wounded.
You constrict Terence. Terence barely misses you.
You barely miss Terence.
Terence is lightly wounded.
You constrict Terence, but do no damage.
The ooze barely misses you. Terence closely misses you.
You hit Terence but do no damage.
Terence is lightly wounded.
You constrict Terence. The ooze freezes you.
You are frozen.
Terence hits you with a +0 flail.
You hit Terence.
Terence is heavily wounded.
You constrict Terence, but do no damage.
The ooze closely misses you. Terence hits you with a +0 flail!
* * * LOW HITPOINT WARNING * * *
You are too injured to fight recklessly!
You are too injured to fight recklessly!
You are too injured to fight recklessly!
You are too injured to fight recklessly!
You are too injured to fight recklessly!
You are too injured to fight recklessly!
You are too injured to fight recklessly!
You are too injured to fight recklessly!
You are too injured to fight recklessly!
You are too injured to fight recklessly!
Unknown command.
A red film seems to cover your vision as you go berserk!
You feel yourself moving faster!
You feel mighty!
You constrict Terence. The ooze closely misses you.
Terence hits you with a +0 flail!
You die...

#......<.....#≈≈..≈..
##...#(#######≈≈..≈..
##.##.# #≈≈...≈.
#.####.##)# #≈≈≈..≈.
#.....(...# ##≈≈≈..≈
######.#### ##.≈..≈
##.####### #..≈≈.
#...?....# #.....
#.⌠@⌠.##.# #..@J.#
#.⌠.⌠## .......
.##...... .. ....#.##
# #......# ##.....#


You could see Terence and an ooze.

Vanquished Creatures
  3 adders (D:2)
  3 worms (D:2)
  A dart slug (D:2)
  7 bats
  3 giant cockroaches
  3 goblins
  2 hobgoblins (D:2)
  6 kobolds
  3 oozes (D:1)
  3 quokkas
  A ball python (D:2)
  2 frilled lizards
  4 rats
41 creatures vanquished.

Notes
Turn   | Place    | Note
-------+----------+-------------------------------------------
     0 | D:1      | robertstho the Octopode Berserker began the quest for the
                  | Orb.
     0 | D:1      | Reached XP level 1. HP: 16/16 MP: 1/1
   144 | D:1      | Reached XP level 2. HP: 17/21 MP: 2/2
   995 | D:2      | Reached XP level 3. HP: 19/26 MP: 3/3
  1479 | D:2      | Reached skill level 1 in Stealth
  1479 | D:2      | Reached XP level 4. HP: 25/33 MP: 4/4
  1627 | D:2      | Reached ** piety under Trog
  1764 | D:2      | Found a shadowy altar of Dithmenos.
  1764 | D:2      | Found a sacrificial altar of Ru.
  1806 | D:2      | Found a sparkling altar of Nemelex Xobeh.
  1810 | D:2      | Noticed Terence
  1820 | D:2      | Slain by Terence

Illustrated notes

Levels and vault maps discovered:
D:1:      dpeg_arrival_rhombus, layout_basic
D:2:      cheibrodos_helix_gallery, layout_loops_corners,
          nemelex_xobeh_ov_fountains_minmay,
          chequers_temple_overflow_statue_of_worship, uniq_terence

Skill      XL: |  1  2  3 |
---------------+----------+-----
Stealth        | 1 |  1.5
Fighting       | |  3.8
Short Blades   | |  3.5
Dodging        | |  3.7

Action                   |  1- 3 |  4- 6 || total
-------------------------+-------+-------++-------
Melee: Short sword       |    36 |    24 ||    60
       Tentacles         |    11 |     5 ||    16
       Constrict         |    15 |     7 ||    22
       Dagger            |    22 |       ||    22
Invok: Berserk           |     1 |     1 ||     2
 Stab: Sleeping          |     6 |     5 ||    11
Armor: Skin              |     6 |       ||     6
Dodge: Dodged            |    32 |    17 ||    49

Table legend: (Time is in decaauts)
 A = Elapsed time spent in this place.
 B = Non-inter-level travel time spent in this place.
 C = Inter-level travel time spent in this place.
 D = Time resting spent in this place.
 E = Time spent auto-exploring this place.
 F = Levels seen in this place.
 G = Mean time per level.
                   A        B        C        D        E       F      G
               +--------+--------+--------+--------+--------+-----+--------+
         Total |   1827 |   1815 |     12 |    248 |   1334 |   2 |  913.5 |
       Dungeon |   1827 |   1815 |     12 |    248 |   1334 |   2 |  913.5 |
               +--------+--------+--------+--------+--------+-----+--------+

Top non-repeatable levels by time:
     D:1: 972 daAuts
     D:2: 855 daAuts
